 Dungeon Crawl Stone Soup version 0.17.0-28-g6e173f8 (webtiles) character file.

985 gorblad the Spear-Bearer (level 7, -10/52 HPs)
             Began as a Demonspawn Fighter on Dec 4, 2015.
             Was an Initiate of Dithmenos.
             Mangled by an orc warrior
             ... wielding a +1 glaive of venom
              (14 damage)
             ... on level 6 of the Dungeon.
             The game lasted 00:13:59 (6232 turns).

gorblad the Spear-Bearer (Demonspawn Fighter)       Turns: 6232, Time: 00:14:03

Health: -10/52     AC: 10    Str: 19 (21) XL:     7   Next: 97%
Magic:  0/7        EV:  7    Int:  9      God:    Dithmenos [......]
Gold:   225        SH:  9    Dex: 13      Spells: 0 memorised, 6 levels left

rFire  . . .     SeeInvis .     a - +0 trident
rCold  . . .     Clarity  .     k - -2 scale mail (curse)
rNeg   + . .     SustAt   .     c - +0 shield
rPois  .         Gourm    .     m - +0 helmet
rElec  .         Spirit   +     h - +2 cloak
rCorr  .         Warding  .     i - +0 pair of gloves
rMut   .         Stasis   .     (no boots)
MR     .....                    (no amulet)
Stlth  ..........               u - +3 ring of strength
                                g - ring of positive energy

@: lethally poisoned (-10 -> -55), not resistant to hostile enchantments,
extremely unstealthy
A: claws 1, demonic guardian 1, magic shield, magic regeneration
a: Renounce Religion


You were on level 6 of the Dungeon.
You worshipped Dithmenos.
Dithmenos was noncommittal.
You were not hungry.

You visited 1 branch of the dungeon, and saw 6 of its levels.

You collected 225 gold pieces.

Inventory:

Hand Weapons
 a - a +0 trident (weapon)
Armour
 b - a +0 scale mail
 c - a +0 shield (worn)
 h - a +2 cloak (worn)
 i - a +0 pair of gloves (worn)
 k - a cursed -2 scale mail (worn)
 m - a +0 helmet (worn)
Jewellery
 g - a ring of positive energy (left hand)
 u - a +3 ring of strength (right hand)
Scrolls
 f - 2 scrolls of teleportation
 v - 3 scrolls of remove curse {unknown}
Potions
 d - a potion of might
 p - a potion of resistance {unknown}
 q - a potion of cancellation
 r - 2 potions of magic
 t - a potion of cure mutation
 w - a potion of haste {unknown}
 x - a potion of mutation {unknown}
Books
 o - a book of Conjurations

   Spells                             Type                      Level
   a - Magic Dart                     Conjuration                  1
   b - Searing Ray                    Conjuration                  2
   c - Dazzling Spray                 Conjuration/Hexes            3
   d - Fulminant Prism                Conjuration/Hexes            4
   e - Iskenderun's Mystic Blast      Conjuration                  4
   f - Iskenderun's Battlesphere      Conjuration/Charms           5
Comestibles
 e - 5 bread rations
 j - a beef jerky
 l - 3 meat rations
 n - a chunk of flesh
 A - a slice of pizza


   Skills:
 - Level 3.0 Fighting
 * Level 8.6 Polearms
 - Level 2.6 Armour
 - Level 2.6 Shields


You had 6 spell levels left.
You didn't know any spells.

Dungeon Overview and Level Annotations

Branches:
Dungeon (6/15)             Temple (0/1) D:6

Altars:
Ashenzari
Dithmenos
Fedhas
Gozag
Makhleb
Ru
Xom
Yredelemnul
Zin
The Shining One


Innate Abilities, Weirdness & Mutations

You have sharp fingernails.
A weak demonic guardian rushes to your aid.
When hurt, damage is shared between your health and your magic reserves.
You regenerate magic rapidly.


Message History

Drink which item? (? for menu, Esc to quit)
You feel much better.
You feel very sick.
The orc priest looks braver for a moment.
You hit the orc priest but do no damage.
The orc priest is moderately wounded.
You feel very sick.
The orc warrior hits you from afar with a glaive of venom!
* * * LOW HITPOINT WARNING * * *
You are more poisoned.
The orc priest hits you with a club.
* * * LOW HITPOINT WARNING * * *
Drink which item? (? for menu, Esc to quit)
It was a potion of degeneration.
There was something very wrong with that liquid.
You feel weakened.
* * * LOW HITPOINT WARNING * * *
You feel very sick.
The orc warrior hits you from afar with a glaive of venom!
You die...

#...#..# #......#.####.##.# ##
...... #.##.#.#.......... .#
....# #.##.#.###.#####.. .# #.5.#
#.#..#.# #.## #.# .# #..o#
#.#.##.###..# #. ## #...#
#.#.##......######
#######...######...............#.
##............5###.##......###.##
..............oo@5.##...##...#.#.
.#...._........##5......#....#.##
§§#..##...########........_......
§#§#.##...# ##.#.#.#....#....
§§§§.##...# #.####.#...##....
.#.####...# ##.#.#.###.......
§§## #...# ######.##...........
§## ##.## #.......#####....... §#
####.# #.####..## #.......


You could see an orc warrior, an orc priest, a crimson imp, a friendly quasit
and a friendly crimson imp.

Vanquished Creatures
  Eustachio (D:4)
  An ice beast (D:5)
  An ogre (D:5)
  A crimson imp (D:5)
  3 jellies (D:6)
  3 orc priests
  4 orc wizards
  A giant frog skeleton (D:5)
  3 worker ants
  2 iguanas (D:6)
  4 adders
  2 shadow imps (D:5)
  3 oozes
  2 adder skeletons (D:5)
  4 worms
  A giant gecko (D:5)
  18 orcs
  4 ball pythons
  6 giant cockroaches
  8 hobgoblins
  6 jackals (D:2)
  5 kobolds
  A quokka (D:3)
  7 bats
  A giant gecko skeleton (D:6)
  A giant gecko zombie (D:5)
  4 giant newts
  7 goblins
  10 rats
114 creatures vanquished.

Vanquished Creatures (collateral kills)
  An ogre (D:5)
  A hound (D:5)
  An orc priest (D:5)
  A worker ant (D:5)
  A shadow imp (D:5)
  An orc (D:5)
  A quokka (D:5)
7 creatures vanquished.

Grand Total: 121 creatures vanquished

Notes
Turn   | Place    | Note
--------------------------------------------------------------
     0 | D:1      | gorblad the Demonspawn Fighter began the quest for the Orb.
     0 | D:1      | Reached XP level 1. HP: 18/18 MP: 1/1
   286 | D:1      | Gained mutation: When hurt, damage is shared between your health and your magic reserves. [demonic ancestry]
   286 | D:1      | Reached XP level 2. HP: 18/24 MP: 2/2
  1143 | D:2      | Gained mutation: You regenerate magic rapidly. [demonic ancestry]
  1143 | D:2      | Reached XP level 3. HP: 29/29 MP: 3/3
  2114 | D:3      | Reached XP level 4. HP: 35/35 MP: 2/4
  2127 | D:3      | Reached skill level 4 in Polearms
  2563 | D:3      | Found a shattered altar of Ashenzari.
  2701 | D:3      | Found an opulent altar of Gozag.
  2702 | D:3      | Found a glowing silver altar of Zin.
  2798 | D:3      | Reached skill level 5 in Polearms
  2798 | D:3      | Gained mutation: A weak demonic guardian rushes to your aid. [demonic ancestry]
  2798 | D:3      | Reached XP level 5. HP: 33/41 MP: 3/5
  2834 | D:3      | Found a sacrificial altar of Ru.
  3292 | D:4      | Noticed Eustachio
  3310 | D:4      | Killed Eustachio
  3310 | D:4      | Gained mutation: You have sharp fingernails. [demonic ancestry]
  3310 | D:4      | Reached XP level 6. HP: 27/47 MP: 4/6
  3848 | D:5      | Entered Level 5 of the Dungeon
  3859 | D:5      | Reached skill level 6 in Polearms
  3954 | D:5      | Found a shadowy altar of Dithmenos.
  3969 | D:5      | Became a worshipper of Dithmenos the Shadowed
  4094 | D:5      | Reached skill level 7 in Polearms
  4094 | D:5      | Reached XP level 7. HP: 15/52 MP: 3/7
  4102 | D:5      | HP: 1/52 [orc (2)]
  5047 | D:5      | Found a burning altar of Makhleb.
  5047 | D:5      | Found a basalt altar of Yredelemnul.
  5065 | D:5      | Found a glowing golden altar of the Shining One.
  5595 | D:6      | Found a shimmering altar of Xom.
  5608 | D:6      | Reached skill level 8 in Polearms
  5948 | D:6      | Found a blossoming altar of Fedhas.
  5957 | D:6      | Found a staircase to the Ecumenical Temple.
  6047 | D:6      | Found a shadowy altar of Dithmenos.
  6232 | D:6      | Mangled by an orc warrior

Action                   |  1- 3 |  4- 6 |  7- 9 || total
-------------------------+-------+-------+-------++-------
Melee: Trident           |   173 |   252 |   174 ||   599
  Use: Scroll            |     3 |     3 |     1 ||     7
       Potion            |       |     3 |     5 ||     8
  Eat: Chunk             |     4 |     4 |     1 ||     9
       Bread ration      |       |     1 |     1 ||     2
